 Dungeon Crawl Stone Soup version 0.20.1-1-g8b1a95d (webtiles) character file.

739 Mitsuki the Skirmisher (level 7, 0/63 HPs)
             Began as a Hill Orc Fighter on Oct 5, 2017.
             Slain by an iguana (4 damage)
             ... on level 6 of the Dungeon.
             The game lasted 00:08:24 (5038 turns).

Mitsuki the Skirmisher (Hill Orc Fighter)           Turns: 5038, Time: 00:08:25

Health: 0/63       AC: 11    Str: 20 (23) XL:     7   Next: 75%
Magic:  7/7        EV: 10    Int:  4 (6)  God:
Gold:   296        SH: 10    Dex: 14 (15) Spells: 6/6 levels left

rFire    . . .     SeeInvis +   a - +0 trident
rCold    . . .     Gourm    .   c - +0 shield
rNeg     . . .     Faith    .   o - +0 chain mail
rPois    .         Spirit   .   (helmet restricted)
rElec    .         Reflect  .   (no cloak)
rCorr    .         Harm     .   (no gloves)
MR       .....     Rnd*Rage +   k - +0 pair of boots
Stlth    ..........             (no amulet)
Regen    0.2/turn               r - ring of see invisible
MPRegen  0.1/turn               (no ring)

@: agile
A: antennae 1, berserk 1, dopey 1, strong 1
a: no special abilities


You were on level 6 of the Dungeon.
You were not hungry.

You visited 1 branch of the dungeon, and saw 6 of its levels.

You collected 296 gold pieces.

Inventory:

Hand Weapons
 a - a +0 trident (weapon)
Armour
 c - a +0 shield (worn)
 k - a +0 pair of boots (worn)
 o - a +0 chain mail (worn)
Jewellery
 r - a ring of see invisible (left hand)
 u - an uncursed ring of protection from cold {unknown}
Wands
 b - a wand of random effects (26/48)
Scrolls
 e - a scroll of enchant weapon {unknown}
 h - 9 scrolls of identify {unknown}
 i - 5 scrolls of teleportation {unknown}
 l - a scroll of holy word {unknown}
 p - 2 scrolls of magic mapping {unknown}
Potions
 d - a potion of might
 n - a potion of agility
 t - a potion of magic {unknown}
Books
 w - a book of Geomancy

   Spells                             Type                      Level
   a - Sandblast                      Earth                        1
   b - Passwall                       Transmutation/Earth          2
   c - Stone Arrow                    Conjuration/Earth            3
   d - Petrify                        Transmutation/Earth          4
   e - Lee's Rapid Deconstruction     Earth                        5
Comestibles
 f - 2 bread rations
 g - 4 fruits
 j - 4 royal jellies
 m - 3 meat rations
 v - 3 chunks of flesh


   Skills:
 + Level 6.0 Fighting
 + Level 5.2 Polearms
 + Level 5.7 Armour
 + Level 5.4 Shields


You had 6 spell levels left.
You didn't know any spells.

Dungeon Overview and Level Annotations

Branches:
Dungeon (6/15)
 Temple: D:4-7

Altars:
Hepliaklqana
Kikubaaqudgha
Nemelex Xobeh
Uskayaw


Innate Abilities, Weirdness & Mutations

You have a pair of small antennae on your head.
You tend to lose your temper in combat.
You are dopey. (Int -2)
Your muscles are strong. (Str +2)


Message History

It was a potion of heal wounds.
You feel much better. You block the iguana's attack.
The ice beast hits you but does no damage.
It was a potion of degeneration.
There was something very wrong with that liquid.
You feel weakened.
You feel dopey.
You feel clumsy.
The iguana bites you but does no damage.
The ice beast hits you but does no damage.
You hit the ice beast.
The ice beast is moderately wounded.
You block the iguana's attack. The ice beast hits you.
* * * LOW HITPOINT WARNING * * *
The ice beast freezes you!
* * * LOW HITPOINT WARNING * * *
The sky beast flickers out of sight for a moment.
You closely miss the ice beast.
The ice beast is moderately wounded.
The orc wizard gestures wildly while chanting.
The orc wizard blinks!
The iguana bites you.
You die...

. .# .######
.##...#
.##...#'##########
.........o§OooYl.#
.......o..######@#
..........# #Y#
..§.....O.# #..
..######### ....
..# ..... ..#
....... ..#
.......# ..#
######### ..#


You could see an ice beast, a sky beast (invisible), an ogre, an iguana, an orc
wizard (invisible) and 2 orcs.

Vanquished Creatures
  A sky beast (D:5)
  A scorpion (D:5)
  A centaur zombie (D:5)
  An orc priest (D:3)
  4 hounds
  A jelly (D:5)
  An orc wizard (D:5)
  Ijyb (D:3)
  4 worker ants
  A hound zombie (D:5)
  A worker ant zombie (D:5)
  9 adders
  A howler monkey skeleton (D:5)
  2 oozes
  An adder skeleton (D:5)
  A worm (D:2)
  A dart slug (D:1)
  4 leopard geckos
  7 orcs
  7 bats
  4 giant cockroaches
  6 goblins
  12 hobgoblins
  3 quokkas
  2 ball pythons (D:1)
  6 frilled lizards
  A jackal zombie (D:5)
  4 kobolds
  5 rats
93 creatures vanquished.

Vanquished Creatures (others)
  An orc wizard (D:3)
1 creature vanquished.

Grand Total: 94 creatures vanquished

Notes
Turn   | Place    | Note
-------+----------+-------------------------------------------
     0 | D:1      | Mitsuki the Hill Orc Fighter began the quest for the Orb.
     0 | D:1      | Reached XP level 1. HP: 19/19 MP: 1/1
     3 | D:1      | Noticed an electric eel
     3 | D:1      | Noticed an electric eel
   122 | D:1      | Reached XP level 2. HP: 25/27 MP: 2/2
   492 | D:1      | Reached skill level 4 in Fighting
   645 | D:1      | Reached XP level 3. HP: 31/33 MP: 3/3
  1228 | D:2      | Reached XP level 4. HP: 40/40 MP: 4/4
  2156 | D:3      | Reached XP level 5. HP: 40/47 MP: 5/5
  2314 | D:3      | Found a sparkling altar of Nemelex Xobeh.
  2378 | D:3      | Noticed Ijyb
  2405 | D:3      | Killed Ijyb
  2407 | D:3      | Gained mutation: Your muscles are strong. (Str +2) [potion of mutation]
  2407 | D:3      | Gained mutation: You are dopey. (Int -2) [potion of mutation]
  2407 | D:3      | Gained mutation: You tend to lose your temper in combat. [potion of mutation]
  2407 | D:3      | Gained mutation: You have a pair of small antennae on your head. [potion of mutation]
  2407 | D:3      | HP: 2/47 [poisoned by Ijyb]
  3127 | D:3      | Reached skill level 5 in Fighting
  3127 | D:3      | Reached XP level 6. HP: 56/56 MP: 6/6
  3592 | D:4      | Found a hide-covered altar of Uskayaw.
  3692 | D:4      | Found a hazy altar of Hepliaklqana.
  3692 | D:4      | Found an ancient bone altar of Kikubaaqudgha.
  3706 | D:5      | Entered Level 5 of the Dungeon
  3744 | D:5      | Reached skill level 5 in Armour
  3773 | D:5      | Noticed a sky beast
  4020 | D:5      | Reached XP level 7. HP: 61/61 MP: 7/7
  4279 | D:5      | Reached skill level 5 in Shields
  4392 | D:5      | Reached skill level 5 in Polearms
  4808 | D:5      | Reached skill level 6 in Fighting
  5033 | D:6      | HP: 3/63 [ice beast (14)]
  5038 | D:6      | Slain by an iguana

Skill      XL: |  1  2  3  4  5  6  7 |
---------------+----------------------+-----
Fighting       | 4 5 6 |  6.0
Armour         | 4 5 |  5.7
Polearms       | 3 4 5 |  5.2
Shields        | 4 5 |  5.4

Action                   |  1- 3 |  4- 6 |  7- 9 || total
-------------------------+-------+-------+-------++-------
Melee: Trident           |   140 |   247 |   107 ||   494
  Use: Potion            |       |     2 |     3 ||     5
  Eat: Chunk             |     1 |     9 |     4 ||    14
Armor: Scale mail        |    23 |       |       ||    23
       Chain mail        |    32 |   117 |    52 ||   201
Dodge: Dodged            |    32 |    49 |    31 ||   112
Block: Shield            |    49 |    90 |    46 ||   185
